Map: Blood Boil LE

Players

Juxtapose

  • Race: Zerg Zerg
  • League: Silver
  • Spawn Location: 11:00

LEVEL - Winner!

  • Race: Zerg Zerg
  • League: Gold
  • Spawn Location: 5:00

VOD

https://youtu.be/rFAklUOt9es

Description

After this match, no question that I'm going to try Hatchery first next time. I was doing well in the begin, but failed to properly transition despite an economic lead and that cost me.

In fact I want to try similar to how LEVEL played, including the transition to Roaches faster, though I'll stick to a 16 Hatchery as opposed to a 14.

Time

  • Played on: July 16, 2017, 3:52 p.m.
  • Length: 11:24
Show
View Real Time Build Order
Export as new Build Order

Juxtapose Zerg 

Build Orders: Pool First 

Get SALT Encoding   

  12  0:00  Unknown  
  12  0:01  Drone  
  13  0:13  Overlord  
  13  0:18  Drone  
  14  0:32  Drone  
  14  0:33  Drone  
  16  0:42  Spawning Pool  
  15  0:46  Drone  
  16  0:50  Drone  
  17  0:57  Extractor  
  17  0:59  Drone  
  17  1:07  Drone  
  18  1:18  Drone  
  19  1:28  Overlord  
  19  1:29  Queen  
  21  1:49  Hatchery  
  20  1:54  Drone x2  
  22  2:05  Queen  
  24  2:08  Extractor  
  23  2:17  Zergling x4  
  25  2:24  Metabolic Boost  
  25  2:28  Baneling Nest  
  24  2:34  Spine Crawler  
  23  2:41  Zergling x6  
  26  3:00  Drone x2  
  26  3:03  Drone  
  29  3:14  Queen  
  31  3:22  Queen  
  31  3:24  Zergling x4  
  35  3:44  Zergling x2  
  35  3:46  Overlord  
  36  4:04  Zergling x4  
  36  4:05  Zergling x4  
  40  4:10  Baneling x6  
  40  4:17  Drone  
  40  4:18  Drone x2  
  40  4:21  Drone  
  40  4:22  Overlord  
  44  4:32  Overlord  
  44  4:44  Drone x3  
  47  4:46  Zergling x6  
  51  4:52  Drone  
  51  4:53  Drone  
  52  5:21  Lair  
  52  5:25  Hatchery, Unknown  
  52  5:28  Drone x4  
  53  5:29  Drone  
  53  6:09  Zergling x10  
  53  6:10  Zergling x10  
  57  6:27  Zergling x6  
  57  6:30  Overlord x4  
  55  6:40  Drone  
  55  6:50  Drone x2  
  55  6:52  Extractor  
  56  6:54  Drone  
  56  6:58  Drone x3  
  60  7:05  Infestation Pit  
  59  7:12  Drone x3  
  62  7:18  Spine Crawler  
  62  7:19  Drone  
  62  7:20  Drone x2  
  56  7:32  Zergling x14  
  56  7:33  Zergling x12  
  60  7:49  Queen  
  58  7:53  Zergling x2  
  58  7:54  Zergling x10  
  57  7:59  Queen  
  55  8:22  Zergling x2  
  55  8:23  Zergling x14  
  55  8:24  Zergling x2  
  55  8:25  Queen  
  59  8:35  Queen  
  61  8:53  Drone x3  
  64  8:58  Zergling x6  
  64  9:01  Hatchery  
  56  9:10  Queen  
  58  9:19  Zergling x12  
  58  9:20  Zergling x2  
  65  9:34  Infestor  
  67  10:00  Pathogen Glands  
  67  10:14  Spine Crawler  
  67  10:18  Evolution Chamber  
  67  10:19  Evolution Chamber  
  64  10:23  Evolution Chamber  
  54  10:37  Zergling x8  
  54  10:38  Zergling x8  
  61  10:48  Zergling x2  
  58  10:50  Zergling x8  
Show
View Real Time Build Order
Export as new Build Order

LEVEL Zerg - Winner!

Build Orders: Hatch First 

Get SALT Encoding   

  12  0:00  Unknown  
  12  0:03  Drone  
  13  0:09  Drone  
  14  0:41  Hatchery  
  13  0:43  Drone  
  14  0:57  Spawning Pool  
  14  0:58  Drone  
  14  1:06  Extractor, Drone  
  14  1:12  Extractor  
  14  1:13  Drone  
  15  1:19  Overlord  
  15  1:45  Zergling x4  
  15  1:46  Queen, Zergling x2  
  20  1:57  Queen  
  22  2:02  Drone  
  22  2:08  Drone  
  24  2:11  Drone  
  25  2:17  Drone  
  25  2:22  Zergling x2  
  27  2:32  Drone  
  25  2:55  Drone x2  
  27  2:59  Drone  
  27  3:00  Overlord  
  28  3:07  Overlord  
  28  3:17  Lair  
  28  3:21  Roach Warren  
  28  3:22  Drone x4  
  28  3:26  Extractor  
  30  3:28  Drone x3  
  33  3:40  Drone x2  
  35  3:42  Zergling x4  
  37  3:55  Overlord  
  37  4:02  Roach x3  
  43  4:10  Overlord  
  43  4:15  Roach  
  43  4:16  Roach x3  
  51  4:29  Evolution Chamber  
  50  4:33  Glial Reconstitution, Evolution Chamber  
  50  4:36  Drone  
  50  4:44  Overseer  
  50  4:48  Extractor  
  50  4:49  Drone x3  
  50  4:50  Drone  
  53  4:53  Extractor  
  53  4:58  Overlord  
  53  4:59  Zerg Ground Armor Level 1  
  52  5:00  Zerg Missile Weapons Level 1  
  52  5:05  Drone  
  52  5:06  Drone x2  
  52  5:07  Drone  
  56  5:10  Drone  
  57  5:20  Spore Crawler  
  53  6:08  Roach x4  
  53  6:09  Roach x3  
  53  6:13  Roach x4  
  52  6:20  Roach  
  54  6:43  Drone x2  
  54  6:44  Drone  
  57  6:49  Roach x2  
  57  6:50  Overlord x2  
  61  7:02  Hatchery  
  60  7:13  Hatchery  
  59  7:16  Burrow  
  51  8:16  Queen  
  51  8:17  Drone  
  56  8:27  Roach x5  
  56  8:33  Roach x8  
  64  8:41  Drone x2  
  64  8:48  Hydralisk Den  
  63  9:20  Hydralisk x5  
  63  9:21  Hydralisk x4  
  63  9:22  Muscular Augments  
  81  9:26  Drone x3  
  84  9:37  Queen  
  84  9:38  Drone x3  
  89  9:51  Roach x7  
  89  9:53  Drone  
  89  9:58  Overlord x3  
  89  9:59  Overlord  
Tags
 
Add a new tag
Caveats
  • Supply blocks, unpowered buildings, or Contaminate may cause inaccurate times.
  • Supply counts are checked every 10 seconds.